 Dungeon Crawl Stone Soup version 0.29.0-13-gc9e81de378 (webtiles) character file.

Game seed: 3618509762682649611

13219 Anothat the Fencer (level 11, -2/103 HPs)
             Began as a Minotaur Gladiator on Sept 8, 2022.
             Was the Champion of Jiyva.
             Slain by a six-headed hydra (13 damage)
             ... on level 2 of the Lair of Beasts.
             The game lasted 00:13:38 (8657 turns).

Anothat the Fencer (Minotaur Gladiator)             Turns: 8657, Time: 00:13:38

Health: -2/103     AC:  8    Str: 24    XL:     11   Next: 72%
Magic:  10/10      EV: 21    Int:  1    God:    Jiyva [******]
Gold:   740        SH:  4    Dex: 23    Spells: 10/10 levels left

rFire   . . .      SeeInvis .   F - +4 long sword (freeze)
rCold   . . .      Faith    .   (no shield)
rNeg    . . .      Spirit   .   b - +0 leather armour
rPois   .          Reflect  .   (helmet unavailable)
rElec   .          Harm     .   (no cloak)
rCorr   +          Rampage  .   (no gloves)
Will    +....                   (no boots)
Stlth   ++........              (no amulet)
HPRegen 1.87/turn               j - +4 ring of protection
MPRegen 0.62/turn               q - ring of willpower

@: no status effects
A: horns 3, retaliatory headbutt, large bone plates 1, agile 2, shaggy fur 1,
strong 2
a: Renounce Religion, Oozemancy, Slimify


You were on level 2 of the Lair of Beasts.
You worshipped Jiyva.
Jiyva was exalted by your worship.
You visited 2 branches of the dungeon, and saw 12 of its levels.

You collected 740 gold pieces.

Inventory:

Hand Weapons
 a - a +1 long sword of venom
 B - a +3 falchion
 F - a +4 long sword of freezing (weapon)
Missiles
 d - 3 throwing nets (quivered)
 e - a javelin
Armour
 b - a +0 leather armour (worn)
 c - a +1 hat
Jewellery
 i - a +6 ring of intelligence
 j - a +4 ring of protection (left hand)
 q - a ring of willpower (right hand)
 w - a ring of flight
Wands
 n - a wand of digging (7)
 v - a wand of flame (12)
 D - a wand of mindburst (6)
 G - a wand of polymorph (7)
Scrolls
 g - 3 scrolls of amnesia
 h - 2 scrolls of teleportation
 t - 2 scrolls of butterflies
 y - 3 scrolls of enchant armour
 A - a scroll of enchant weapon
 E - 2 scrolls of identify
 H - a scroll of fear
Potions
 f - 5 potions of curing
 k - a potion of ambrosia
 l - a potion of attraction
 m - 3 potions of lignification
 o - 2 potions of heal wounds
 p - 3 potions of invisibility
 r - 2 potions of flight
 s - 2 potions of haste
 u - 2 potions of mutation {unknown}
 x - a potion of berserk rage {unknown}
 z - a potion of magic {unknown}
 C - 2 potions of brilliance {unknown}


   Skills:
 + Level 11.6 Fighting
 * Level 16.1 Long Blades
 - Level 2.0 Throwing
 + Level 11.0 Dodging


You had 10 spell levels left.
You didn't know any spells.
Your spell library contained the following spells:

 Spells                   Type           Power      Damage    Failure   Level
 Malign Gateway           Summ/Tloc      0%         N/A       100%        7
 Summon Horrible Things   Summ           0%         N/A       100%        8


Dungeon Overview and Level Annotations

Branches:
Dungeon (10/15)            Temple (0/1) D:7            Lair (2/5) D:9
  Swamp: Lair:2-3    Shoals: Lair:2-3     Snake: Lair:2-3    Spider: Lair:2-3
    Orc: D:9-12

Altars:
Dithmenos
Fedhas
Nemelex Xobeh
Ru
Uskayaw
Vehumet
Wu Jian
Jiyva

Shops:
D:2 =   D:3 =

Annotations:
Lair:1 1 runed translucent door, Glaciallarry's ghost, journeyman HuHu


Innate Abilities, Weirdness & Mutations

You have a pair of large horns on your head.
You reflexively headbutt those who attack you in melee.
You are partially covered in large bone plates. (SH +4)
You are very agile. (Dex +8, Str/Int -2)
You are covered in fur. (AC +1)
Your muscles are very strong. (Str +8, Int/Dex -2)


Message History

The six-headed hydra closely misses you.
The six-headed hydra bites you!
The blink frog blinks!
Aiming: Mindburst
Press: ? - help, Shift-Dir - straight line, f/p - six-headed hydra
Aim: a six-headed hydra (moderately wounded, chance to affect: 29%)
The six-headed hydra's minds are blasted!
The bullfrog snags a nearby centipede with its tongue.
The bullfrog completely misses you. The bullfrog misses you.
You furiously retaliate!
You headbutt the bullfrog! The six-headed hydra bites you.
The six-headed hydra closely misses you. x3
The six-headed hydra completely misses you. x2
Aiming: Mindburst
Press: ? - help, Shift-Dir - straight line, f/p - six-headed hydra
Aim: a six-headed hydra (heavily wounded, chance to affect: 29%)
The six-headed hydra easily resists.
The six-headed hydra misses you.
The six-headed hydra completely misses you.
The six-headed hydra misses you.
The six-headed hydra bites you but does no damage.
The six-headed hydra misses you. The six-headed hydra bites you!
You feel much better. The bullfrog misses you. You furiously retaliate!
You headbutt the bullfrog!
You kill the bullfrog!
The blink frog blinks!
The six-headed hydra bites you! x2
The six-headed hydra completely misses you.
The six-headed hydra bites you but does no damage.
The six-headed hydra closely misses you.
The six-headed hydra completely misses you.
Aiming: Mindburst
Press: ? - help, Shift-Dir - straight line, f/p - six-headed hydra
Aim: a six-headed hydra (heavily wounded, chance to affect: 29%)
The six-headed hydra easily resists.
The blink frog blinks!
The six-headed hydra bites you. The six-headed hydra bites you!
* * * LOW HITPOINT WARNING * * *
The six-headed hydra bites you!
* * * LOW HITPOINT WARNING * * *
The six-headed hydra bites you.
* * * LOW HITPOINT WARNING * * *
The six-headed hydra misses you. The six-headed hydra bites you!
You die...

#.....................
#.....................
###.....>....§..........
#..................)####
##...............>.##...
##.....JJ.....##..#.#..
#.........F..###......
#####..#..#### ###...⌠
#.@...## +.... #§D####
#.#.. ##.. ##... F...
##.# ..>.. .... .......
..... .....F.. .......
.......... #......
#......


You could see a six-headed hydra, 3 blink frogs and 2 neutral jellies (fellow
slime).

Vanquished Creatures
  Gastronok (Lair:2)
  A two-headed ogre (D:9)
  A manticore (D:8)
  2 black mambas
  A gargoyle (D:9)
  A cane toad (Lair:1)
  Maggie (D:9)
  A polar bear (Lair:1)
  A troll (D:7)
  Prince Ribbit (D:5)
  6 blink frogs
  Sigmund (D:5)
  A shadow (D:7)
  15 yaks
  Grum (D:9)
  A steam dragon (D:7)
  Menkaure (D:5)
  An acid dragon (D:9)
  5 water moccasins
  4 orc warriors
  2 sky beasts (D:7)
  5 black bears
  3 ice beasts
  2 wolves (D:9)
  3 ogres
  2 centaurs
  2 kobold brigands
  7 bullfrogs
  6 necrophages
  A scorpion (D:9)
  14 wights
  10 killer bees
  A howler monkey (D:6)
  2 orc priests
  2 hounds (D:5)
  2 iguanas
  7 orc wizards
  Ijyb (D:4)
  4 gnolls (D:8)
  6 adders
  A white imp (D:3)
  A worm (D:2)
  3 dart slugs
  17 orcs
  An endoplasm (D:1)
  9 giant cockroaches
  8 hobgoblins
  4 jackals (D:3)
  15 kobolds
  4 quokkas
  3 ball pythons
  5 bats
  5 frilled lizards
  7 goblins
  8 rats
220 creatures vanquished.

Vanquished Creatures (others)
  Duvessa (D:4)
  A black bear (D:5)
  An ogre (D:4)
  2 centaurs
  2 bullfrogs
  Dowan (D:4)
  15 jellies
  An ufetubus (D:6)
  An orc (D:5)
  A quokka (D:4)
  6 kobolds
  38 fungi
  50 plants
120 creatures vanquished.

Grand Total: 340 creatures vanquished

Notes
Turn   | Place    | Note
-------+----------+-------------------------------------------
     0 | D:1      | Anothat the Minotaur Gladiator began the quest for the Orb.
     0 | D:1      | Reached XP level 1. HP: 18/18 MP: 0/0
   142 | D:1      | Reached skill level 4 in Long Blades
   142 | D:1      | Reached XP level 2. HP: 21/25 MP: 1/1
   839 | D:1      | Reached XP level 3. HP: 27/31 MP: 2/2
  1903 | D:2      | Found Heasas's Jewellery Boutique.
  2046 | D:2      | Reached XP level 4. HP: 38/38 MP: 3/3
  2174 | D:2      | Found a faded altar of an unknown god.
  2428 | D:3      | Reached skill level 5 in Long Blades
  2606 | D:3      | Found Byav's Jewellery Shoppe.
  3004 | D:2      | Prayed at the altar of an unknown god.
  3004 | D:2      | Became a worshipper of Jiyva Joogekat the Shapeless
  3004 | D:2      | Reached * piety under Jiyva
  3127 | D:4      | Noticed Ijyb
  3144 | D:4      | Killed Ijyb
  3145 | D:4      | Reached XP level 5. HP: 24/46 MP: 4/4
  3336 | D:4      | Reached ** piety under Jiyva
  3477 | D:4      | Killed Duvessa
  3651 | D:4      | Noticed Dowan
  3653 | D:4      | Killed Dowan
  3926 | D:4      | Killed an ogre
  4112 | D:5      | Entered Level 5 of the Dungeon
  4114 | D:5      | Noticed an ogre
  4116 | D:5      | Killed a black bear
  4123 | D:5      | Killed an ogre
  4124 | D:5      | Reached skill level 6 in Long Blades
  4131 | D:5      | Reached XP level 6. HP: 45/53 MP: 5/5
  4226 | D:5      | Reached skill level 7 in Long Blades
  4226 | D:5      | Reached skill level 5 in Dodging
  4253 | D:5      | Reached *** piety under Jiyva
  4292 | D:5      | Noticed Prince Ribbit
  4305 | D:5      | Killed Prince Ribbit
  4306 | D:5      | Reached skill level 5 in Fighting
  4306 | D:5      | Reached XP level 7. HP: 46/61 MP: 6/6
  4358 | D:5      | Noticed Menkaure
  4364 | D:5      | Killed Menkaure
  4365 | D:5      | Reached skill level 8 in Long Blades
  4401 | D:5      | Gained mutation: You have a pair of large horns on your
                  | head. [Jiyva's grace]
  4401 | D:5      | Gained mutation: You are agile. (Dex +4, Str/Int -1)
                  | [Jiyva's grace]
  4401 | D:5      | Gained mutation: You are very agile. (Dex +8, Str/Int -2)
                  | [Jiyva's grace]
  4401 | D:5      | Gained mutation: You are covered in fur. (AC +1) [Jiyva's
                  | grace]
  4544 | D:5      | Noticed Sigmund
  4548 | D:5      | Killed Sigmund
  4549 | D:5      | Reached XP level 8. HP: 70/70 MP: 7/7
  4653 | D:5      | Reached skill level 9 in Long Blades
  5158 | D:6      | Found a sparkling altar of Nemelex Xobeh.
  5183 | D:6      | Reached **** piety under Jiyva
  5354 | D:6      | Reached skill level 10 in Long Blades
  5576 | D:7      | Found a hide-covered altar of Uskayaw.
  5582 | D:7      | Reached XP level 9. HP: 71/79 MP: 8/8
  5626 | D:7      | Reached skill level 11 in Long Blades
  5664 | D:7      | Found a staircase to the Ecumenical Temple.
  5781 | D:7      | Found a sacrificial altar of Ru.
  5781 | D:7      | Noticed a troll
  5803 | D:7      | Killed a troll
  5932 | D:7      | Reached ***** piety under Jiyva
  6045 | D:7      | Found an ornate altar of the Wu Jian Council.
  6045 | D:7      | Found a radiant altar of Vehumet.
  6447 | D:8      | Reached skill level 12 in Long Blades
  6564 | D:8      | Found a blossoming altar of Fedhas.
  6586 | D:8      | Reached XP level 10. HP: 88/91 MP: 9/9
  6674 | D:8      | Lost mutation: You are very agile. (Dex +8, Str/Int -2)
                  | [Jiyva's grace]
  6674 | D:8      | Gained mutation: You are covered in thick fur. (AC +2)
                  | [Jiyva's grace]
  6674 | D:8      | Gained mutation: Your thick and shaggy fur keeps you warm.
                  | (AC +3, rC+) [Jiyva's grace]
  6674 | D:8      | Gained mutation: You are partially covered in large bone
                  | plates. (SH +4) [Jiyva's grace]
  6674 | D:8      | Gained mutation: You are mostly covered in large bone
                  | plates. (SH +6) [Jiyva's grace]
  6810 | D:8      | Noticed a manticore
  6820 | D:8      | Killed a manticore
  6821 | D:8      | Reached skill level 13 in Long Blades
  7118 | D:9      | Noticed Grum
  7123 | D:9      | Reached skill level 10 in Fighting
  7127 | D:9      | Reached skill level 14 in Long Blades
  7136 | D:9      | Killed Grum
  7236 | D:9      | Found a shadowy altar of Dithmenos.
  7266 | D:9      | Noticed a two-headed ogre
  7273 | D:9      | Killed a two-headed ogre
  7293 | D:9      | Reached XP level 11. HP: 101/101 MP: 10/10
  7310 | D:9      | Reached skill level 10 in Dodging
  7361 | D:9      | Found a staircase to the Lair.
  7374 | D:9      | Noticed Maggie
  7389 | D:9      | Killed Maggie
  7698 | D:9      | Reached skill level 15 in Long Blades
  7793 | D:10     | Entered Level 10 of the Dungeon
  7830 | Lair:1   | Entered Level 1 of the Lair of Beasts
  7835 | Lair:1   | Found a runed translucent door.
  7836 | Lair:1   | Noticed Glaciallarry's ghost (journeyman HuHu)
  7840 | Lair:1   | Reached ****** piety under Jiyva
  7863 | Lair:1   | Lost mutation: You are mostly covered in large bone plates.
                  | (SH +6) [Jiyva's grace]
  7863 | Lair:1   | Lost mutation: You are agile. (Dex +4, Str/Int -1) [Jiyva's
                  | grace]
  7863 | Lair:1   | Lost mutation: Your thick and shaggy fur keeps you warm.
                  | (AC +3, rC+) [Jiyva's grace]
  7863 | Lair:1   | Lost mutation: You are covered in thick fur. (AC +2)
                  | [Jiyva's grace]
  7863 | Lair:1   | Gained mutation: You are agile. (Dex +4, Str/Int -1)
                  | [Jiyva's grace]
  7863 | Lair:1   | Gained mutation: You are very agile. (Dex +8, Str/Int -2)
                  | [Jiyva's grace]
  7863 | Lair:1   | Gained mutation: Your muscles are strong. (Str +4, Int/Dex
                  | -1) [Jiyva's grace]
  7863 | Lair:1   | Gained mutation: Your muscles are very strong. (Str +8,
                  | Int/Dex -2) [Jiyva's grace]
  8516 | Lair:2   | Noticed Gastronok
  8548 | Lair:2   | Killed Gastronok
  8549 | Lair:2   | Reached skill level 16 in Long Blades
  8643 | Lair:2   | Noticed a six-headed hydra
  8657 | Lair:2   | Slain by a six-headed hydra

Illustrated notes

Levels and vault maps discovered:
D:1:      lightli_arrival_statue_moat, layout_basic, minmay_tetromino_t4
D:2:      layout_loops_corners, serial_shops, nicolae_shop_advertising_works
          [nicolae_subvault_shop_adworks], chequers_ecumenical_altar_grove
D:3:      layout_rooms, serial_shops, shop,
          nicolae_concentric_dashed_squares_wild, st_stairs_14,
          kennysheep_generic_room_13
D:4:      layout_layer_cave, uniq_duvessa, uniq_ijyb
D:5:      layout_loops_ring, grunt_tough_drop, uniq_sigmund,
          uniq_prince_ribbit1, uniq_menkaure
D:6:      layout_loops_ring, nemelex_spade_bored_becter
D:7:      layout_gridville, jmf_multi_god_temple,
          minmay_temple_entry_mini_moons, hangedman_feature_mirror
D:8:      layout_cave_pools, mainiacjoe_overflow_alcove_2
D:9:      layout_gridville, nicolae_dithmenos_shadow_blocks,
          due_lair_maze_entry_diamond, minmay_misc_feat_iff, minivault_16,
          minmay_misc_feat_encased, uniq_maggie, uniq_grum
D:10:     cheibrodos_statue_roulette, layout_basic, uniq_urug, uniq_erolcha
Lair:1:   layout_chaotic_city, gammafunk_ghost_grave, st_stairs_7
Lair:2:   layout_roguey, skrybe_swamp_entry_bodies, lemuel_another_geyser,
          grunt_megastairs_1, uniq_gastronok

Skill      XL: |  1  2  3  4  5  6  7  8  9 10 11 |
---------------+----------------------------------+-----
Long Blades    | 4 5 6 7 8 10 12 14 16 | 16.1
Fighting       | 3 4 5 6 7 9 10 11 | 11.6
Dodging        | 4 5 6 7 8 9 11 | 11.0
Throwing       | |  2.0

Action                   |  1- 3 |  4- 6 |  7- 9 | 10-12 || total
-------------------------+-------+-------+-------+-------++-------
Melee: Long sword        |    96 |   100 |   182 |   275 ||   653
       Headbutt          |    10 |    18 |    35 |    50 ||   113
       Punch             |       |       |     2 |     8 ||    10
Evoke: Wand              |       |       |       |     6 ||     6
  Use: Scroll            |       |    10 |     2 |     8 ||    20
       Potion            |       |       |       |     4 ||     4
 Stab: Sleeping          |     1 |       |     1 |     1 ||     3
Armor: Leather armour    |    25 |    37 |    37 |    34 ||   133
       Skin              |       |       |       |    26 ||    26
Dodge: Dodged            |    49 |    81 |   146 |   201 ||   477
Block: Other             |       |       |       |    60 ||    60
